 Dungeon Crawl Stone Soup version 0.23-a0-49-gd9f7a49 (webtiles) character file.

44 Amnesiac the Conjurer (level 3, 0/24 HPs)
             Began as a Mummy Conjurer on Aug 7, 2018.
             Slain by an orc
             ... wielding a +0 flail
              (9 damage)
             ... on level 3 of the Dungeon.
             The game lasted 00:01:30 (646 turns).

Amnesiac the Conjurer (Mummy Conjurer)               Turns: 646, Time: 00:01:30

Health: 0/24       AC:  2    Str: 11    XL:     3   Next: 39%
Magic:  3/8        EV: 12    Int: 15    God:
Gold:   39         SH:  0    Dex: 12    Spells: 3/9 levels left

rFire    x . .     SeeInvis .   b - -2 mace (curse)
rCold    + . .     Gourm    .   (no shield)
rNeg     + + +     Faith    .   a - +0 robe
rPois    ∞         Spirit   .   (no helmet)
rElec    .         Reflect  .   (no cloak)
rCorr    .         Harm     .   (no gloves)
MR       .....                  (no boots)
Stlth    ++........             (no amulet)
HPRegen  0.08/turn              (no ring)
MPRegen  0.11/turn              (no ring)

@: no status effects
A: no food or potions, fire vulnerability, cold resistance 1, negative energy
resistance 3, torment resistance, unbreathing
a: no special abilities


You were on level 3 of the Dungeon.
You were not hungry.

You visited 1 branch of the dungeon, and saw 3 of its levels.

You collected 39 gold pieces.

Inventory:

Hand Weapons
 b - a cursed -2 mace (weapon)
Missiles
 c - 12 sling bullets
 d - 4 stones (quivered)
Armour
 a - a +0 robe (worn)


   Skills:
 - Level 1.5 Dodging
 - Level 1.5 Stealth
 + Level 3.7 Spellcasting
 * Level 3.9 Conjurations


You had 3 spell levels left.
You knew the following spells:

 Your Spells              Type           Power        Failure   Level  Hunger
a - Magic Dart            Conj           ##..         3%          1    N/A
b - Dazzling Spray        Conj/Hex       #.....       26%         3    N/A
d - Searing Ray           Conj           ##....       5%          2    N/A

Your spell library contained the following spells:

 Spells                   Type           Power        Failure   Level  Hunger
 Iskenderun's Mystic Bla  Conj           ##......     36%         4    N/A
 Fulminant Prism          Conj/Hex       #.........   63%         4    N/A
 Force Lance              Conj/Tloc      #.......     63%         4    N/A

Dungeon Overview and Level Annotations

Branches:
Dungeon (3/15)

Altars:
Ru

Annotations:
D:1 exclusion: jackal


Innate Abilities, Weirdness & Mutations

You do not eat or drink.
Your flesh is vulnerable to fire.
You are immune to poison.
Your flesh is cold resistant. (rC+)
You are immune to negative energy. (rN+++)
You are immune to unholy pain and torment.
You can survive without breathing.


Message History

A rat is nearby!
A rat is nearby!
Casting: Magic Dart (safe; 4% risk of failure)
Confirm with . or Enter, or press ? or * to list all spells.
Aiming: Magic Dart (safe; 4% risk of failure)
Press: ? - help, Shift-Dir - straight line, f - rat
Aim: a rat (resting)
The magic dart hits the rat.
You kill the rat!
Casting: Magic Dart (safe; 4% risk of failure)
Confirm with . or Enter, or press ? or * to list all spells.
You can't see any susceptible monsters within range! (Use Z to cast anyway.)
Casting: Magic Dart (safe; 4% risk of failure)
Confirm with . or Enter, or press ? or * to list all spells.
You can't see any susceptible monsters within range! (Use Z to cast anyway.) Jessica the Apprentice Sorceress comes into view.
Jessica shouts!
Jessica moves out of view.
Found a stone staircase leading down.
Casting: Magic Dart (safe; 4% risk of failure)
Confirm with . or Enter, or press ? or * to list all spells.
Aiming: Searing Ray (safe; 7% risk of failure)
Press: ? - help, Shift-Dir - straight line, f - Jessica
Aim: Jessica, wearing a robe The searing ray hits Jessica.
Jessica is heavily wounded. (Press . to maintain the ray.)
The searing ray misses Jessica.
Jessica barely misses you.
The searing ray hits Jessica.
You kill Jessica!
You have reached level 3!
Your experience leads to an increase in your attributes!
Increase (S)trength, (I)ntelligence, or (D)exterity?
You feel clever.
Memorise Dazzling Spray, consuming 3 spell levels and leaving 3?
You start memorising the spell.
You continue memorising. x3
You finish memorising.
Spell assigned to 'b'.
You see here a robe.
There is a stone staircase leading down here.
You start resting.
Magic restored.
You start resting.
Magic restored.
You climb downwards.
A quokka, 3 orcs and a skeleton come into view.
Found three items.
Found a stone staircase leading down.
There is a stone staircase leading up here.
Casting: Searing Ray (safe; 5% risk of failure)
Confirm with . or Enter, or press ? or * to list all spells.
Aiming: Searing Ray (safe; 5% risk of failure)
Press: ? - help, Shift-Dir - straight line, f - centaur skeleton
Aim: a centaur skeleton (resting)
The searing ray hits the centaur skeleton.
The centaur skeleton is lightly damaged. (Press . to maintain the ray.)
The orc shouts!
You hear a shout!
A hobgoblin comes into view.
The orc shouts!
You finish channeling your searing ray.
The centaur skeleton hits you. The centaur skeleton hits you!
The centaur skeleton hits you.
* * * LOW HITPOINT WARNING * * *
The orc hits you with a flail!
You die...

...............
...............
...............
...............
........o.....>
..?....r.o.....
#......o...g..#
#.....@Z.$.!.#
#######......#
##...## #... #.


You could see 3 orcs, a quokka, a hobgoblin and a centaur skeleton.

Vanquished Creatures
  Jessica (D:2)
  A dart slug (D:2)
  2 giant cockroaches (D:1)
  2 goblins
  A hobgoblin (D:1)
  A quokka (D:2)
  3 bats
  A frilled lizard (D:2)
  3 kobolds
  A rat (D:2)
16 creatures vanquished.

Notes
Turn   | Place    | Note
-------+----------+-------------------------------------------
     0 | D:1      | Amnesiac the Mummy Conjurer began the quest for the Orb.
     0 | D:1      | Reached XP level 1. HP: 13/13 MP: 4/4
   233 | D:2      | Found a sacrificial altar of Ru.
   253 | D:1      | Reached XP level 2. HP: 6/19 MP: 0/6
   418 | D:1      | Learned a level 2 spell: Searing Ray
   592 | D:2      | Noticed Jessica
   596 | D:2      | Killed Jessica
   596 | D:2      | Reached XP level 3. HP: 24/24 MP: 4/8
   601 | D:2      | Learned a level 3 spell: Dazzling Spray
   646 | D:3      | Slain by an orc

Vault maps used:
D:1:      dpeg_arrival_tiny_i, minmay_misc_feat_columns
D:2:      lemuel_upstairs_altar, old_standard_altar, uniq_jessica
D:3:      kennysheep_six_static_rooms, uniq_natasha, uniq_sigmund

Skill      XL: |  1 |
---------------+----+-----
Spellcasting   | 3 |  3.7
Dodging        | |  1.5
Stealth        | |  1.5
Conjurations   | |  3.9

Action                   || total
-------------------------++-------
Melee: Mace              ||    14
 Cast: Magic Dart        ||    29
       Searing Ray       ||     2
Armor: Robe              ||     2
Dodge: Dodged            ||    27

Table legend:
 A = Spawn XP
 B = Non-spawn XP
 C = Spawn XP percentage of total XP
 D = Spawn monster count
 E = Non-spawn monster count
 F = Spawn count percentage of total count
 G = Total turns spent on level
                    A         B        C        D         E        F      G
               +---------+---------+-------+---------+---------+-------+---------
         Total |       0 |      63 |   0.0 |       0 |      16 |   0.0 |   646
               +---------+---------+-------+---------+---------+-------+---------
           D:1 |       0 |      10 |   0.0 |       0 |       6 |   0.0 |   425
           D:2 |       0 |      53 |   0.0 |       0 |      10 |   0.0 |   216
               +---------+---------+-------+---------+---------+-------+---------
